 Dungeon Crawl Stone Soup version 0.15.2 (webtiles) character file.

139277 bwiles81 the Unseen (level 16, -4/82 HPs)
             Began as a Spriggan Enchanter on Nov 13, 2014.
             Was a High Priest of Dithmenos.
             Shot with an arrow of frost by a naga sharpshooter (30 damage)
             ... on Level 3 of the Snake Pit.
             The game lasted 03:27:00 (40860 turns).

bwiles81 the Unseen (Spriggan Enchanter)           Turns: 40860, Time: 03:27:00

HP  -4/82        AC  5     Str  4      XL: 16   Next: 43%
MP  12/38        EV 32     Int 25      God: Dithmenos [*****.]
Gold 1286        SH  0     Dex 18      Spells:  7 memorised,  7 levels left

rFire  + . .     SeeInvis +     k - +3 dagger (venom)
rCold  + . .     Clarity  .     g - +2 robe {rC+ rF+}
rNeg   + . .     rCorr    .     (shield restricted)
rPois  +         rRot     .     J - +0 hat {Int+3}
rElec  .         Spirit   .     t - +0 cloak
SustAb .         Warding  +     (gloves unavailable)
rMut   .         Stasis   .     (boots unavailable)
Gourm  .                        f - amulet of warding
MR     ++...                    K - ring of poison resistance
                                z - +1 ring of evasion

@: wreathed by umbra, very quick, very resistant to hostile enchantments,
uncannily stealthy
A: unfitting armour, see invisible, herbivore 3, speed 3, slow metabolism 2
a: Shadow Step, Shadow Form, Renounce Religion
}: 1/15 runes: decaying


You were on level 3 of the Snake Pit.
You worshipped Dithmenos.
Dithmenos was extremely pleased with you.
You were not hungry.

You visited 6 branches of the dungeon, and saw 33 of its levels.

You collected 3139 gold pieces.
You spent 1853 gold pieces at shops.

Inventory:

Hand weapons
 k - a +3 dagger of venom (weapon)
Armour
 g - a +2 robe of resistance (worn)
 t - a +0 cloak (worn)
 J - a +0 hat of intelligence (worn)
 R - a swamp dragon hide
Magical devices
 c - a wand of slowing (9)
 s - a wand of disintegration (22)
 A - a wand of frost (14)
 B - a wand of paralysis (11)
 D - a wand of polymorph (2)
 M - a wand of slowing (7)
 O - a wand of frost (16)
 U - a wand of lightning (0)
 X - a wand of disintegration (17)
Comestibles
 a - 6 bread rations
 V - a slice of pizza
 W - a royal jelly
Scrolls
 h - 10 scrolls of teleportation
 i - 5 scrolls of magic mapping
 n - 10 scrolls of remove curse
 o - 3 scrolls of recharging
 p - 2 scrolls of fog
 v - a scroll of brand weapon
 w - 2 scrolls of blinking
 E - 2 scrolls of fear
 H - a scroll of amnesia
 I - a scroll of identify
Jewellery
 e - an uncursed amulet of resist mutation
 f - an amulet of warding (around neck)
 m - an uncursed ring of stealth
 q - an uncursed ring of magical power
 r - an uncursed ring of flight
 y - an uncursed ring of magical power
 z - a +1 ring of evasion (left hand)
 K - a ring of poison resistance (right hand)
 L - an uncursed ring of teleport control
Potions
 d - a potion of porridge
 j - 5 potions of curing
 l - 4 potions of might
 u - a potion of restore abilities
 C - a potion of brilliance
 G - 2 potions of flight
 N - 2 potions of cure mutation
 P - a potion of haste
Books
 b - a book of Wizardry

   Spells                             Type                      Level
   Agony                              Necromancy                   5
   Force Lance                        Conjuration                  5
   Dispersal                          Translocation                6
   Haste                              Charms                       6
   *Invisibility                      Hexes                        6
   Spellforged Servitor               Conjuration/Summoning        7
 F - a book of Annihilations {highlevel, unknown}

   This book is beyond your current level of understanding.

   Spells                             Type                      Level
   Poison Arrow                       Conjuration/Poison           6
   Chain Lightning                    Conjuration/Air              8
   Lehudib's Crystal Spear            Conjuration/Earth            8
   Glaciate                           Conjuration/Ice              9
   Fire Storm                         Conjuration/Fire             9
 Q - a book of the Earth

   Spells                             Type                      Level
   Leda's Liquefaction                Hexes/Earth                  4
   Bolt of Magma                      Conjuration/Fire/Earth       5
   Statue Form                        Transmutation/Earth          6
   Iron Shot                          Conjuration/Earth            6
   Shatter                            Earth                        9
 Y - a book of Unlife

   Spells                             Type                      Level
   Recall                             Summoning/Translocation      3
   Animate Dead                       Necromancy                   4
   Control Undead                     Necromancy                   4
   Twisted Resurrection               Necromancy                   5
   Death Channel                      Necromancy                   6
   Simulacrum                         Ice/Necromancy               6
Miscellaneous
 x - a plain deck of changes {drawn: 1}


   Skills:
 + Level 8.6 Fighting
 + Level 12.9 Short Blades
 + Level 15.1 Dodging
 + Level 17.2 Stealth
 + Level 12.8 Spellcasting
 + Level 13.4 Hexes
 - Level 12.3 Translocations
 + Level 4.8 Invocations
 + Level 13.4 Evocations


You had 7 spell levels left.
You knew the following spells:

 Your Spells              Type           Power        Failure   Level  Hunger
a - Mass Confusion        Hex            ######....   2%          6    #####..
b - Confuse               Hex            ######..     1%          3    None
c - Enslavement           Hex            ######..     1%          4    None
d - Invisibility          Hex            ######..     2%          6    #####..
e - Blink                 Tloc           N/A          1%          2    None
f - Disjunction           Tloc           ######....   98%         8    #######
g - Control Teleport      Chrm/Tloc      #####.....   3%          4    None


Dungeon Overview and Level Annotations

Branches:
Dungeon (12/15)            Temple (0/1) D:4             Orc (4/4) D:10
    Elf (1/3) Orc:3          Lair (8/8) D:8           Swamp (5/5) Lair:3
  Snake (3/5) Lair:3        Slime (0/6) Lair:6

Altars:
Dithmenos
Nemelex Xobeh
Vehumet
Yredelemnul
Beogh
Jiyva

Shops:
Orc:2 !   Orc:4 (*!*   Elf:1 =   Snake:1 (

Annotations:
D:5 bwiles81's ghost, average SpEn
D:9 worldfamousw's ghost, experienced CeHu
Lair:3 Aizul


Innate Abilities, Weirdness & Mutations

You are tiny and cannot use many weapons and most armour.
You have supernaturally acute eyesight.
You are a herbivore.
You cover ground extremely quickly.
You need consume almost no food.


Message History

The naga sharpshooter shoots an arrow of frost.
The arrow of frost misses you.
Casting: Confuse
Confirm with . or Enter, or press ? or * to list all spells.
Aiming: Confuse
Press: ? - help, Shift-Dir - straight line, f/p - naga sharpshooter
Aim: a naga sharpshooter, wielding a shortbow (umbra)
The naga sharpshooter easily resists.
Your shadow mimicks your spell!
The naga sharpshooter resists with almost no effort.
Casting: Confuse
Confirm with . or Enter, or press ? or * to list all spells.
Aiming: Confuse
Press: ? - help, Shift-Dir - straight line, f/p - naga sharpshooter
Aim: a naga sharpshooter, wielding a shortbow (umbra)
The naga sharpshooter easily resists.
The naga sharpshooter mumbles some strange words.
The naga sharpshooter magically shoots an arrow of frost.
The arrow of frost hits you!!
You die...

#.........#
#.#...##..#
#.##<.###.# #.#
#####..)..### .#.
##..###......### .!
#...# #......%.# #.
.)..# #.......## .#
....###........##)##
.)..)##.......##@).#
.....##...<..%#.)..#
.....##......#.##N..#
....).(.......## ....#
.....#.##.....#. ...##
#....#.####..#.......#
###..#.#####.#.......#
#####.#..............
#)###.........##...


You could see a naga sharpshooter.

Vanquished Creatures
  A thorn hunter (Swamp:5)
  Gastronok (Orc:1)
  A dire elephant (Lair:8)
  A deep elf death mage (Elf:1)
  Josephine (D:10)
  A fire dragon (Swamp:5)
  Harold (D:10)
  16 hydras
  6 naga warriors
  3 shambling mangroves
  A deep troll shaman (Lair:8)
  6 alligators
  2 anacondas (Snake:1)
  An orc high priest (Orc:4)
  A shock serpent (Snake:1)
  9 death yaks
  2 naga sharpshooters
  A catoblepas (Lair:8)
  2 spriggans
  2 salamander mystics (Snake:1)
  A deep elf knight (Elf:1)
  A skeletal warrior (D:12)
  2 deep elf summoners (Elf:1)
  A naga ritualist (Snake:2)
  8 swamp dragons
  2 orc knights
  4 mana vipers
  2 hill giants (D:12)
  3 orc sorcerers
  4 salamanders
  An ugly thing (D:11)
  2 deep elf conjurers (Elf:1)
  2 red wasps (Swamp:2)
  A griffon (Lair:6)
  27 elephants
  17 spiny frogs
  Maurice (Orc:2)
  2 guardian serpents (Snake:2)
  A centaur skeleton (D:10)
  15 black mambas
  12 komodo dragons
  A torpor snail (Lair:8)
  An iron devil (Orc:4)
  3 naga magi
  2 fire drakes (Swamp:5)
  Grinder (D:6)
  A blue devil (Orc:4)
  6 giant leeches
  Sonja (Orc:2)
  A jumping spider (Lair:5)
  5 trolls
  4 baby alligators (Swamp:1)
  2 polar bears
  8 bog bodies
  10 slime creatures
  2 basilisks
  A two-headed ogre (D:9)
  12 blink frogs
  11 ravens
  5 redbacks (Lair:5)
  3 wyverns
  33 yaks
  A hill giant zombie (D:12)
  6 deep elf magi (Elf:1)
  Grum (D:9)
  11 deep elf fighters (Elf:1)
  A fire elemental (Swamp:5)
  A warg (Orc:1)
  3 hungry ghosts
  18 wolves
  11 hippogriffs
  27 nagas
  2 steam dragons (Swamp:5)
  16 swamp worms
  5 vampire mosquitoes
  2 mottled dragons (Swamp:5)
  2 sky beasts
  40 orc warriors
  27 water moccasins
  12 swamp drakes
  11 porcupines
  3 black bears
  A phantom (D:4)
  12 centaurs
  A manticore skeleton (D:11)
  4 yellow wasps
  5 ogres
  12 crocodiles
  15 giant frogs
  A gnoll sergeant (D:7)
  15 insubstantial wisps
  5 scorpions
  An eye of draining (D:11)
  A troll zombie (D:6)
  12 wights
  A manticore simulacrum (D:10)
  An electric eel (Lair:1)
  2 quasits
  6 crimson imps
  A lava snake (Swamp:5)
  18 orc priests
  5 jellies
  6 hounds
  A giant frog skeleton (D:10)
  12 iguanas
  23 orc wizards
  7 worker ants
  6 orange rats (Lair:2)
  27 sheep
  Ijyb (D:7)
  A mummy (D:10)
  27 green rats
  13 adders
  5 gnolls (D:7)
  2 shadow imps
  2 giant mites
  An inept item mimic (D:4)
  A goliath beetle zombie (D:5)
  5 worms
  An iguana skeleton (D:10)
  9 giant geckos
  171 orcs
  3 ball pythons
  A bat skeleton (D:4)
  4 giant cockroaches
  20 goblins
  17 hobgoblins
  13 quokkas
  19 bats
  4 giant newts
  3 giant spores
  A hobgoblin skeleton (D:4)
  18 jackals
  18 kobolds
  3 orc skeletons
  An orc zombie (D:10)
  16 rats
  2 ballistomycetes (D:11)
  2 fungi
1066 creatures vanquished.

Vanquished Creatures (collateral kills)
  A very ugly thing (Swamp:4)
1 creature vanquished.

Vanquished Creatures (others)
  A swamp dragon (Swamp:5)
  A lindwurm (Swamp:5)
  2 vampire mosquitoes (Swamp:5)
  A steam dragon (Swamp:5)
  A swamp drake (Swamp:5)
  2 fungi (Lair:8)
8 creatures vanquished.

Grand Total: 1075 creatures vanquished

Notes
Turn   | Place    | Note
--------------------------------------------------------------
     0 | D:1      | bwiles81, the Spriggan Enchanter, began the quest for the Orb.
     0 | D:1      | Reached XP level 1. HP: 9/9 MP: 4/4
   162 | D:1      | Reached skill level 5 in Stealth
   164 | D:1      | Reached XP level 2. HP: 8/13 MP: 3/7
  1127 | D:1      | Reached XP level 3. HP: 16/16 MP: 9/9
  1314 | D:2      | Found a radiant altar of Vehumet.
  1374 | D:2      | Reached skill level 6 in Stealth
  1790 | D:2      | Reached XP level 4. HP: 17/21 MP: 12/12
  2193 | D:2      | Found a sparkling altar of Nemelex Xobeh.
  2359 | D:2      | Learned a level 3 spell: Confuse
  2364 | D:2      | Reached skill level 7 in Stealth
  2445 | D:2      | Reached XP level 5. HP: 14/24 MP: 8/14
  4472 | D:3      | Found a shadowy altar of Dithmenos.
  4498 | D:3      | Became a worshipper of Dithmenos the Shadowed
  4904 | D:4      | Noticed a phantom
  5046 | D:4      | Killed a phantom
  5046 | D:4      | Reached XP level 6. HP: 28/28 MP: 14/18
  5630 | D:4      | Found a staircase to the Ecumenical Temple.
  5771 | D:4      | Reached skill level 5 in Short Blades
  6030 | D:4      | Reached XP level 7. HP: 32/32 MP: 20/20
  6137 | D:4      | Reached skill level 8 in Stealth
  6325 | D:5      | Entered Level 5 of the Dungeon
  6637 | D:5      | Learned a level 4 spell: Enslavement
  6870 | D:5      | Reached skill level 1 in Fighting
  6870 | D:5      | Reached skill level 5 in Dodging
  6870 | D:5      | Reached skill level 5 in Hexes
  7213 | D:5      | Noticed bwiles81's ghost (average SpEn)
  7607 | D:6      | Reached XP level 8. HP: 36/38 MP: 23/23
  7636 | D:6      | Acquired Dithmenos' first power
  7701 | D:6      | Noticed Grinder
  7719 | D:6      | Killed Grinder
  7719 | D:6      | Reached skill level 9 in Stealth
  7724 | D:6      | Reached skill level 5 in Spellcasting
  8482 | D:7      | Reached XP level 9. HP: 43/43 MP: 21/25
  8573 | D:7      | Reached skill level 10 in Stealth
  8638 | D:7      | Noticed Ijyb
  8657 | D:7      | Killed Ijyb
  9505 | D:8      | Acquired Dithmenos' second power
  9507 | D:8      | Found a basalt altar of Yredelemnul.
  9547 | D:8      | Reached skill level 1 in Evocations
  9681 | D:8      | Found a staircase to the Lair.
  9973 | Lair:1   | Entered Level 1 of the Lair of Beasts
  9973 | Lair:1   | Noticed a komodo dragon
  9991 | Lair:1   | Killed a komodo dragon
 10121 | Lair:1   | Noticed a black mamba
 10225 | Lair:1   | Killed a black mamba
 10225 | Lair:1   | Reached skill level 11 in Stealth
 10225 | Lair:1   | Reached XP level 10. HP: 49/49 MP: 28/28
 10274 | Lair:1   | Noticed a komodo dragon
 10276 | Lair:1   | Noticed a komodo dragon
 10297 | Lair:1   | Killed a komodo dragon
 10300 | Lair:1   | Killed a komodo dragon
 10316 | Lair:1   | Learned a level 7 spell: Controlled Blink
 10317 | Lair:1   | Noticed a seven-headed hydra
 10323 | Lair:1   | Killed a seven-headed hydra
 10323 | Lair:1   | Reached skill level 1 in Translocations
 10851 | Lair:1   | Noticed a komodo dragon
 10854 | Lair:1   | Noticed a komodo dragon
 10890 | Lair:1   | Killed a komodo dragon
 10955 | Lair:1   | Killed a komodo dragon
 10962 | Lair:1   | Noticed a komodo dragon
 10968 | Lair:1   | Killed a komodo dragon
 11030 | Lair:1   | Noticed a komodo dragon
 11033 | Lair:1   | Killed a komodo dragon
 11346 | Lair:2   | Learned a level 2 spell: Blink
 11447 | Lair:2   | Acquired Dithmenos' third power
 11447 | Lair:2   | Reached XP level 11. HP: 28/54 MP: 12/30
 11616 | Lair:2   | Reached skill level 12 in Stealth
 11616 | Lair:2   | Reached skill level 5 in Evocations
 12013 | Lair:2   | Noticed a seven-headed hydra
 12017 | Lair:2   | Killed a seven-headed hydra
 12175 | Lair:2   | Identified Ycrousig's Almanac of Creation
 12285 | Lair:2   | Reached skill level 5 in Fighting
 12640 | Lair:2   | Reached skill level 10 in Dodging
 12678 | Lair:3   | Found a staircase to the Swamp.
 13340 | Lair:3   | Reached skill level 5 in Translocations
 13517 | Lair:3   | Noticed an eight-headed hydra
 13539 | Lair:3   | Killed an eight-headed hydra
 13732 | Lair:3   | Found a staircase to the Snake Pit.
 14318 | Lair:4   | Reached skill level 13 in Stealth
 14366 | Lair:4   | Reached XP level 12. HP: 50/60 MP: 21/32
 14518 | Lair:4   | Noticed a seven-headed hydra
 14528 | Lair:4   | Killed a seven-headed hydra
 14752 | Lair:4   | Reached skill level 10 in Hexes
 15845 | Lair:5   | Reached skill level 10 in Short Blades
 16580 | Lair:6   | Noticed a six-headed hydra
 16586 | Lair:6   | Killed a six-headed hydra
 17338 | Lair:6   | Reached skill level 14 in Stealth
 17387 | Lair:6   | Reached XP level 13. HP: 65/65 MP: 4/34
 18073 | Lair:6   | Found a viscous altar of Jiyva.
 18073 | Lair:6   | Found a staircase to the Slime Pits.
 18377 | Lair:7   | Reached skill level 10 in Spellcasting
 20566 | Lair:8   | Entered Level 8 of the Lair of Beasts
 20637 | Lair:8   | Learned a level 6 spell: Mass Confusion
 20734 | Lair:8   | Reached skill level 10 in Evocations
 21509 | Lair:8   | Reached XP level 14. HP: 70/72 MP: 30/35
 21657 | Lair:8   | Noticed a dire elephant
 21708 | Lair:8   | Killed a dire elephant
 21708 | Lair:8   | Reached skill level 10 in Translocations
 21865 | Lair:8   | Reached skill level 15 in Stealth
 22080 | Lair:2   | Learned a level 8 spell: Disjunction
 22085 | Lair:2   | Learned a level 4 spell: Control Teleport
 22376 | D:9      | Noticed Grum
 22380 | D:9      | Killed Grum
 22617 | D:9      | Noticed worldfamousw's ghost (experienced CeHu)
 23077 | D:9      | Identified a -2 rod of striking (13/13) (You found it on level 9 of the Dungeon)
 23119 | D:10     | Entered Level 10 of the Dungeon
 23239 | D:10     | Noticed Josephine
 23289 | D:10     | Killed Josephine
 23999 | D:10     | Noticed Harold
 24023 | D:10     | Killed Harold
 24672 | D:10     | Found a staircase to the Orcish Mines.
 24831 | Orc:1    | Entered Level 1 of the Orcish Mines
 24847 | Orc:1    | Noticed Gastronok
 25038 | Orc:1    | Killed Gastronok
 25514 | Orc:2    | Noticed Sonja
 25594 | Orc:2    | Killed Sonja
 25734 | Orc:2    | Found Ysoho's Distillery.
 25744 | Orc:2    | Bought a potion of curing for 22 gold pieces
 25744 | Orc:2    | Bought a potion of curing for 22 gold pieces
 25744 | Orc:2    | Bought a potion of curing for 22 gold pieces
 26323 | Orc:1    | Acquired Dithmenos' fourth power
 26459 | Orc:3    | Found a staircase to the Elven Halls.
 26764 | Orc:3    | Found a roughly hewn altar of Beogh.
 27284 | Orc:4    | Entered Level 4 of the Orcish Mines
 28210 | Orc:4    | Found a roughly hewn altar of Beogh.
 28575 | Orc:4    | Found Duwniffa's Assorted Antiques.
 28575 | Orc:4    | Found Uqeshron's Distillery.
 28578 | Orc:4    | Found Rorasis' General Store.
 28580 | Orc:4    | Found Pidick's Weapon Shoppe.
 28587 | Orc:4    | Bought a papyrus book for 345 gold pieces
 28587 | Orc:4    | Bought a scroll of magic mapping for 80 gold pieces
 28587 | Orc:4    | Bought a glass wand for 92 gold pieces
 28587 | Orc:4    | Bought a scroll of recharging for 218 gold pieces
 28587 | Orc:4    | Bought a potion of heal wounds for 69 gold pieces
 28587 | Orc:4    | Bought a disc of storms for 460 gold pieces
 28587 | Orc:4    | Bought a potion of heal wounds for 69 gold pieces
 28589 | Orc:4    | Bought a potion of curing for 26 gold pieces
 28589 | Orc:4    | Bought a potion of heal wounds for 39 gold pieces
 28589 | Orc:4    | Bought a potion of brilliance for 32 gold pieces
 28589 | Orc:4    | Bought a potion of curing for 26 gold pieces
 28589 | Orc:4    | Bought a potion of curing for 26 gold pieces
 28589 | Orc:4    | Bought a potion of heal wounds for 39 gold pieces
 28592 | Orc:4    | Bought a scroll of identify for 26 gold pieces
 28916 | Orc:2    | Noticed Maurice
 28929 | Orc:2    | Killed Maurice
 30231 | D:12     | Identified a scroll of acquirement
 30866 | Elf:1    | Entered Level 1 of the Elven Halls
 30969 | Elf:1    | Reached skill level 1 in Invocations
 31159 | Elf:1    | Found Kusud's Jewellery Shoppe.
 31162 | Elf:1    | Bought an uncursed ring of poison resistance for 240 gold pieces
 32415 | Swamp:1  | Entered Level 1 of the Swamp
 32478 | Swamp:1  | Reached skill level 16 in Stealth
 32478 | Swamp:1  | Reached XP level 15. HP: 74/76 MP: 19/37
 33619 | Swamp:1  | Learned a level 6 spell: Invisibility
 36259 | Swamp:5  | Entered Level 5 of the Swamp
 36259 | Swamp:5  | Noticed a thorn hunter
 36265 | Swamp:5  | Killed a thorn hunter
 37469 | Swamp:5  | Got a decaying rune of Zot
 37688 | Snake:1  | Entered Level 1 of the Snake Pit
 37762 | Snake:1  | Reached XP level 16. HP: 46/82 MP: 22/38
 37955 | Snake:1  | Got a polished hat
 37966 | Snake:1  | Identified the -2 hat of Serendipity {Str+1} (You acquired it on level 1 of the Snake Pit)
 38284 | Snake:1  | Found Fealew's Weapon Shop.
 38317 | Snake:1  | Reached skill level 17 in Stealth
 38707 | Snake:1  | Noticed Aizul
 38754 | Snake:1  | HP: 2/82 [Aizul/bolt of poison (31)]
 39080 | Lair:3   | HP: 3/82 [Aizul/bolt of poison (37)]
 39083 | Lair:3   | HP: 1/82 [poisoned by Aizul (bolt of poison)]
 39121 | Lair:3   | Noticed a five-headed hydra
 40767 | Snake:3  | Reached skill level 15 in Dodging
 40860 | Snake:3  | Shot with an arrow of frost by a naga sharpshooter

Action                   |  1- 3 |  4- 6 |  7- 9 | 10-12 | 13-15 | 16-18 || total
-------------------------+-------+-------+-------+-------+-------+-------++-------
Melee: Dagger            |   164 |   302 |   369 |   565 |  1773 |   169 ||  3342
 Cast: Corona            |     9 |       |       |       |       |       ||     9
       Confuse           |       |    27 |    67 |   124 |   324 |    50 ||   592
       Mass Confusion    |       |       |       |       |    46 |       ||    46
       Blink             |       |       |       |       |     3 |     3 ||     6
       Control Teleport  |       |       |       |       |     1 |       ||     1
       Invisibility      |       |       |       |       |    14 |       ||    14
Invok: Shadow Step       |       |       |       |    11 |    22 |     5 ||    38
Evoke: Wand              |       |       |     3 |     3 |    18 |    28 ||    52
       Deck              |       |       |       |       |     1 |       ||     1
  Use: Potion            |       |       |     8 |     3 |    10 |    12 ||    33
       Scroll            |       |       |    18 |     6 |    14 |     8 ||    46
 Stab: Sleeping          |     7 |    11 |    30 |    61 |   147 |    37 ||   293
       Confused          |       |    10 |    38 |    79 |   220 |    28 ||   375
       Distracted        |       |     1 |     2 |     1 |    15 |     3 ||    22
       Invisible         |       |       |       |       |    61 |       ||    61
  Eat: Fruit             |       |     7 |     3 |     3 |     7 |     4 ||    24
       Bread ration      |       |       |     1 |     1 |     5 |       ||     7
       Pizza             |       |       |       |     1 |     3 |       ||     4
